 Dungeon Crawl Stone Soup version bcrawl-1.39.1 (webtiles) character file.

Game seed: 3581947547703887432

187497 Finalfun the Skirmisher (level 6, -1/57 HPs)
             Began as a Minotaur Berserker on Sept 20, 2023.
             Was a Priest of Trog.
             Slain by Purgy (2 damage)
             ... in a sewer.
             The game lasted 00:06:31 (2834 turns).

Finalfun the Skirmisher (Minotaur Berserker)        Turns: 2834, Time: 00:06:31

Health: -1/57      AC:  3    Str: 24    XL:     6   Next: 22%
Magic:  5/5        EV:  2    Int:  9    God:    Trog [***...]
Gold:   288        SH: 14    Dex: 14    Spells: 5/5 levels left

rFire    . . .     GDR:     29% a - +0 spear
rCold    . . .     SeeInvis .   p - +2 large shield
rNeg     . . .     Gourm    .   d - +0 leather armour
rPois    .         Faith    .   (helmet restricted)
rElec    .         Spirit   .   (no cloak)
rCorr    .         Reflect  .   (no gloves)
MR       .....                  (no boots)
Stlth    +++.......             (no amulet)
HPRegen  1.09/turn              (no ring)
MPRegen  0.09/turn              (no ring)

@: brilliant, agile, regenerating, slowed, very slow
A: retaliatory headbutt, horns 2
a: Berserk, Trog's Hand, Renounce Religion


You were in a sewer.
You worshipped Trog.
Trog was most pleased with you.
You were not hungry.

You visited 1 branch of the dungeon, and saw 4 of its levels.
You also visited: Sewer.

You collected 288 gold pieces.

Inventory:

Hand Weapons
 a - a +0 spear (weapon)
Missiles
 c - 1119 stones (quivered)
Armour
 d - a +0 leather armour (worn)
 p - a +2 large shield (worn)
Jewellery
 j - an uncursed ring of positive energy {unknown}
 n - an uncursed ring of fire {unknown}
Scrolls
 b - a scroll of revelation {unknown}
 g - a scroll of fog
 k - 2 scrolls of enchant weapon
 l - 2 scrolls of blinking {unknown}
 m - a scroll of fear {unknown}
 o - a scroll of teleportation {unknown}
Potions
 h - a potion of brilliance
Comestibles
 e - 7 rations {!d}
 q - 2 chunks of flesh


   Skills:
 + Level 6.2 Fighting
 - Level 5.1 Polearms
 - Level 3.2 Armour
 - Level 3.1 Dodging
 - Level 2.0 Stealth


You had 5 spell levels left.
You didn't know any spells.
Your spell library was empty.

Dungeon Overview and Level Annotations

Branches:
Dungeon (4/12)
 Temple: D:4-7

Altars:
Xom

Annotations:
Sewer Purgy


Innate Abilities, Weirdness & Mutations

You reflexively headbutt those who attack you in melee.
You have a pair of horns on your head.


Message History

Purgy hisses menacingly.
Purgy bites you.
* * * LOW HITPOINT WARNING * * *
You block Purgy's attack. Purgy claws you but does no damage.
Purgy barely misses you. Purgy claws you.
* * * LOW HITPOINT WARNING * * *
Purgy claws you.
* * * LOW HITPOINT WARNING * * *
Okay, then.
Your skin crawls, and Trog's vigour flows through you.
You feel somewhat more hungry. Purgy bites you!
* * * LOW HITPOINT WARNING * * *
Purgy claws you but does no damage. Purgy claws you.
* * * LOW HITPOINT WARNING * * *
Purgy bites you but does no damage. You block Purgy's attack. Purgy claws you.
* * * LOW HITPOINT WARNING * * *
Purgy bites you.
* * * LOW HITPOINT WARNING * * *
You block Purgy's attack. Purgy claws you.
You die...

## ############ #.
#∩##.##.##.# #. #.##.##.##.#
#+##+##'##.##'##÷##'#
####...........T@......#######
≈≈≈#≈≈≈≈≈≈≈≈≈.≈≈≈≈≈≈≈≈≈#≈≈≈≈≈≈
≈≈≈#≈≈≈≈≈≈≈≈≈∩≈≈≈≈≈≈≈≈≈#≈≈≈≈≈≈
≈≈≈#≈≈≈≈≈≈≈≈≈.≈≈≈≈≈≈≈≈≈#≈≈≈≈≈≈
#...................#######
#'##'##'##'##'##'##'#
#.##.##.##)##.##.##.#
#.##.##.##.##.##.##.#
#####################


You could see Purgy.

Vanquished Creatures
  An orc priest (D:3)
  2 jellies (D:2)
  3 gnolls (D:3)
  7 adders
  A river rat (D:4)
  4 oozes
  3 worms
  5 leopard geckos
  6 orcs (D:3)
  10 giant cockroaches
  7 hobgoblins
  An iguana (D:2)
  9 jackals
  A ball python (D:3)
  6 bats
  A frilled lizard (D:1)
  A jackal skeleton (D:3)
  11 kobolds
  10 rats
89 creatures vanquished.

Notes
Turn   | Place    | Note
-------+----------+-------------------------------------------
     0 | D:1      | Finalfun the Minotaur Berserker began the quest for the
                  | Orb.
     0 | D:1      | Reached XP level 1. HP: 19/19 MP: 0/0
    53 | D:1      | Reached XP level 2. HP: 21/27 MP: 1/1
    99 | D:1      | Reached skill level 4 in Fighting
   286 | D:1      | Reached XP level 3. HP: 33/33 MP: 2/2
   764 | D:2      | Reached ** piety under Trog
   788 | D:2      | Found a shimmering altar of Xom.
   797 | D:2      | Reached XP level 4. HP: 38/41 MP: 3/3
  1052 | D:2      | Reached skill level 5 in Polearms
  1354 | D:2      | Reached XP level 5. HP: 35/47 MP: 4/4
  1540 | D:3      | Reached skill level 5 in Fighting
  1714 | D:3      | Reached skill level 1 in Stealth
  2399 | D:3      | Reached *** piety under Trog
  2405 | D:3      | Reached XP level 6. HP: 34/57 MP: 5/5
  2408 | D:3      | Reached skill level 6 in Fighting
  2649 | D:4      | Found a glowing drain.
  2653 | Sewer    | Entered a sewer
  2810 | Sewer    | Noticed Purgy
  2832 | Sewer    | HP: 2/57 [Purgy (1)]
  2834 | Sewer    | Slain by Purgy

Skill      XL: |  1  2  3  4  5  6 |
---------------+-------------------+-----
Polearms       | 4 5 |  5.1
Fighting       | 4 5 6 |  6.2
Armour         | 3 |  3.2
Dodging        | 3 |  3.1
Stealth        | 2 |  2.0

Action                   |  1- 3 |  4- 6 || total
-------------------------+-------+-------++-------
Melee: Spear             |    78 |   187 ||   265
       Headbutt          |    11 |    25 ||    36
Invok: Berserk           |     1 |     3 ||     4
       Trog's Hand       |       |     1 ||     1
  Use: Potion            |       |     3 ||     3
       Scroll            |       |     2 ||     2
 Stab: Sleeping          |       |     2 ||     2
  Eat: Chunk             |     2 |    11 ||    13
       Ration            |       |     1 ||     1
Armor: Animal skin       |     2 |       ||     2
       Leather armour    |     6 |    37 ||    43
Dodge: Dodged            |    34 |    68 ||   102
Block: Large shield      |       |    53 ||    53
